Map: Moondance

Players

Oliveira - Winner!

  • Race: Terran Terran
  • League: Grandmaster
  • Spawn Location: 6:00

Creator

  • Race: Protoss Protoss
  • League: Master
  • Spawn Location: 12:00

VOD

Have the link to the VOD?

Description

Time

  • Played on: Oct. 22, 2022, 7:16 a.m.
  • Length: 14:56
Show
View Real Time Build Order
Export as new Build Order

Oliveira Terran - Winner!

Build Orders: Gas First Reaper Expand, Liberator Opening 

Get SALT Encoding   

  12  0:00  SCV  
  13  0:12  SCV  
  14  0:17  Supply Depot  
  14  0:24  SCV  
  15  0:33  Refinery  
  15  0:39  SCV  
  16  0:43  Barracks  
  16  0:51  SCV  
  17  1:03  SCV  
  18  1:15  SCV  
  19  1:31  Reaper, Orbital Command  
  20  1:43  Command Center  
  20  1:55  Factory  
  20  1:57  SCV  
  21  2:05  Refinery  
  21  2:09  SCV  
  21  2:11  Barracks Reactor  
  22  2:16  Supply Depot  
  22  2:21  SCV  
  23  2:37  SCV  
  23  2:40  Starport  
  24  2:45  Widow Mine  
  24  2:48  Marine x2  
  24  2:49  SCV  
  29  2:55  Orbital Command  
  29  3:02  SCV  
  30  3:05  Marine  
  30  3:06  Widow Mine, Marine  
  34  3:14  SCV  
  34  3:16  Medivac  
  37  3:21  Orbital Command  
  37  3:23  Marine x2  
  37  3:27  SCV  
  40  3:28  Supply Depot  
  40  3:29  Factory Tech Lab  
  40  3:40  SCV  
  41  3:41  Marine x2  
  41  3:47  SCV  
  44  3:49  Cyclone  
  44  3:53  Supply Depot  
  47  3:57  Liberator  
  47  3:59  SCV, Marine x2  
  47  4:01  SCV  
  54  4:14  Supply Depot, SCV x2  
  56  4:17  Marine x2  
  56  4:22  Cyclone  
  61  4:26  Barracks  
  61  4:27  SCV  
  62  4:36  Barracks, SCV  
  62  4:38  Supply Depot, Marine  
  63  4:39  SCV  
  63  4:43  Starport Tech Lab  
  65  4:46  Marine  
  65  4:48  SCV  
  67  4:55  SCV  
  67  4:56  Marine  
  64  5:00  SCV  
  64  5:03  Bunker, Siege Tank  
  64  5:04  Marine  
  65  5:08  SCV  
  65  5:12  SCV  
  65  5:14  Marine  
  64  5:18  Engineering Bay  
  64  5:20  Refinery, SCV  
  58  5:21  Marine  
  58  5:24  SCV, Marine  
  58  5:25  Stimpack  
  61  5:30  Supply Depot  
  61  5:31  Marine  
  61  5:34  SCV  
  63  5:36  Starport Reactor  
  63  5:37  SCV  
  63  5:39  Marine  
  65  5:45  Factory Reactor  
  65  5:46  Combat Shield, Marine x2  
  65  5:48  SCV  
  65  5:49  Marine  
  69  5:51  SCV  
  70  5:57  Command Center  
  70  5:59  Marine  
  70  6:01  SCV  
  72  6:04  Supply Depot, Refinery, Marine  
  72  6:05  Marine  
  72  6:07  SCV  
  72  6:10  Supply Depot  
  75  6:13  Marine  
  75  6:16  SCV  
  77  6:21  Marine  
  77  6:22  Medivac x2  
  77  6:23  SCV  
  83  6:29  Supply Depot, Widow Mine x2  
  83  6:30  Marauder x2  
  88  6:33  SCV  
  88  6:36  Marine  
  88  6:39  Terran Infantry Weapons Level 1  
  90  6:40  SCV  
  90  6:43  Barracks  
  90  6:44  Barracks  
  90  6:45  Marine  
  92  6:47  SCV  
  92  6:52  Marauder x2  
  97  6:54  Marine  
  97  6:58  Widow Mine  
  97  7:01  SCV x2  
  101  7:10  Orbital Command  
  101  7:13  SCV, Marauder  
  102  7:19  Missile Turret  
  102  7:20  SCV  
  96  7:23  Missile Turret  
  96  7:25  Marine x2  
  96  7:26  Widow Mine x2  
  96  7:35  SCV x2  
  96  7:37  Marine x2  
  96  7:38  SCV  
  90  7:47  SCV, Marine x2  
  90  7:49  Widow Mine x2  
  83  7:52  SCV  
  83  7:55  SCV, Marauder x2  
  84  7:59  SCV  
  84  8:05  Marine x2  
  85  8:06  SCV  
  85  8:11  SCV  
  85  8:12  SCV  
  81  8:16  Widow Mine x2, Marine  
  81  8:17  Marauder  
  81  8:19  SCV  
  81  8:23  Marine  
  81  8:25  Concussive Shells  
  81  8:26  Marine  
  81  8:28  SCV x2  
  81  8:33  SCV  
  81  8:34  Marine  
  80  8:37  Widow Mine  
  80  8:38  Marauder  
  80  8:39  Widow Mine  
  80  8:41  SCV  
  90  8:45  Viking, Medivac  
  90  8:46  SCV  
  90  8:47  SCV  
  90  8:50  Marine  
  90  8:53  SCV, Missile Turret  
  92  8:58  SCV  
  92  9:00  Barracks Tech Lab  
  92  9:01  Supply Depot, Barracks Reactor, Terran Infantry Armor Level 1  
  93  9:04  Marauder x2  
  93  9:06  SCV  
  98  9:11  SCV  
  98  9:12  Marine x2  
  98  9:16  SCV  
  102  9:19  Marauder  
  102  9:20  SCV  
  102  9:22  Factory Tech Lab  
  102  9:24  Supply Depot, SCV  
  106  9:26  Marauder  
  106  9:28  SCV, Marauder  
  111  9:32  SCV, Marine x2  
  111  9:36  SCV  
  115  9:39  Marine x2  
  115  9:40  Engineering Bay, Armory  
  115  9:43  Supply Depot  
  117  9:45  Medivac  
  117  9:46  SCV  
  117  9:47  Refinery  
  117  9:49  Supply Depot  
  117  9:51  Marauder x2  
  124  10:01  SCV  
  124  10:05  Marauder  
  115  10:08  Marine x2  
  115  10:12  Marauder  
  116  10:14  Viking, Siege Tank  
  116  10:17  Marauder, Marine  
  116  10:18  SCV  
  116  10:19  Marine  
  116  10:20  Medivac  
  115  10:27  Terran Infantry Weapons Level 2  
  113  10:29  Marine  
  113  10:31  Marine  
  113  10:32  Marauder  
  117  10:38  Marine  
  117  10:39  Command Center  
  117  10:40  SCV x2  
  120  10:44  Marauder  
  120  10:48  Marine x2  
  120  10:49  Siege Tank  
  127  10:53  Marine x2  
  127  10:54  Marauder  
  129  10:57  Viking  
  129  11:01  Terran Infantry Armor Level 2  
  131  11:04  Supply Depot  
  131  11:07  SCV x2  
  131  11:09  Marine x3  
  136  11:12  Marauder  
  136  11:17  Supply Depot  
  136  11:18  Viking  
  140  11:19  SCV  
  141  11:26  Marauder x2  
  141  11:27  Siege Tank  
  141  11:28  Marine  
  141  11:32  Missile Turret  
  149  11:39  SCV x3, Marauder, Marine  
  155  11:43  Ghost Academy  
  155  11:45  Marine x2  
  157  11:50  Viking  
  157  11:53  Liberator  
  164  12:02  Siege Tank  
  164  12:06  Marine  
  164  12:07  Missile Turret  
  168  12:11  Planetary Fortress  
  168  12:12  Marine  
  168  12:14  Ghost x2  
  167  12:18  Supply Depot  
  167  12:19  Ghost  
  169  12:28  Supply Depot, Marine x3  
  169  12:29  Enhanced Shockwaves  
  172  12:35  Missile Turret  
  171  12:43  Marine, Ghost  
  176  12:44  Marauder  
  176  12:46  Siege Tank, Marine  
  176  12:50  Marine x2  
  176  12:51  Marauder  
  184  13:01  Marine  
  184  13:02  Supply Depot  
  184  13:03  Supply Depot, Marine  
  163  13:17  Marauder, Marine x2  
  164  13:25  Medivac x2  
  163  13:30  Marine  
  163  13:31  Barracks  
  163  13:33  Barracks x2, Marine, Ghost  
  145  13:46  Ghost x2  
  145  13:47  Marine x2  
  139  13:50  Siege Tank  
  139  13:54  Marine x2  
  142  14:01  Marine  
  143  14:04  SCV  
  143  14:05  Marine  
  145  14:10  Supply Depot  
  145  14:13  Marine x2  
  145  14:14  Ghost  
  145  14:15  Marauder  
  145  14:16  Marine  
  152  14:19  Barracks Reactor, Barracks Tech Lab  
  152  14:20  Marauder  
  115  14:38  Marine  
Show
View Real Time Build Order
Export as new Build Order

Creator Protoss 

Build Orders: 1 Gate Expand, Blink Stalkers 

Get SALT Encoding   

  12  0:00  Probe  
  13  0:12  Probe  
  14  0:17  Pylon  
  14  0:24  Probe (Chrono Boost)  
  15  0:36  Probe (Chrono Boost)  
  15  0:37  Gateway  
  16  0:44  Probe (Chrono Boost)  
  16  0:46  Assimilator  
  17  0:51  Probe  
  18  1:03  Probe  
  19  1:15  Probe  
  20  1:25  Cybernetics Core  
  20  1:34  Nexus  
  20  1:38  Pylon  
  20  1:42  Probe  
  21  1:48  Assimilator  
  21  1:54  Probe  
  22  1:59  Adept (Chrono Boost)  
  22  2:02  Warp Gate  
  22  2:06  Probe  
  25  2:18  Probe  
  25  2:21  Adept (Chrono Boost)  
  28  2:30  Twilight Council, Probe  
  29  2:43  Probe (Chrono Boost)  
  30  2:44  Stalker (Chrono Boost)  
  30  2:46  Probe (Chrono Boost)  
  35  2:58  Probe (Chrono Boost)  
  35  3:00  Probe (Chrono Boost)  
  35  3:01  Blink (Chrono Boost)  
  35  3:03  Probe (Chrono Boost)  
  36  3:06  Probe (Chrono Boost)  
  38  3:12  Probe  
  38  3:18  Probe  
  38  3:19  Gateway  
  39  3:22  Gateway  
  39  3:25  Probe  
  40  3:31  Probe  
  41  3:34  Pylon  
  41  3:39  Probe  
  42  3:43  Robotics Facility, Probe  
  43  3:52  Probe  
  43  3:54  Stalker  
  43  3:55  Probe  
  47  4:02  Assimilator  
  47  4:04  Probe  
  47  4:07  Probe  
  49  4:14  Stalker  
  49  4:16  Stalker  
  53  4:19  Nexus  
  53  4:21  Pylon  
  53  4:23  Probe  
  54  4:27  Pylon  
  54  4:39  Probe x2  
  57  4:46  Stalker x3  
  57  4:47  Immortal (Chrono Boost)  
  53  5:12  Stalker x3  
  57  5:19  Probe (Chrono Boost)  
  57  5:20  Probe (Chrono Boost)  
  59  5:31  Probe (Chrono Boost)  
  59  5:32  Probe (Chrono Boost)  
  59  5:33  Dark Shrine  
  62  5:37  Probe (Chrono Boost)  
  62  5:38  Warp Prism  
  62  5:40  Probe (Chrono Boost)  
  65  5:43  Probe (Chrono Boost)  
  65  5:44  Probe (Chrono Boost)  
  65  5:46  Probe  
  68  5:53  Probe  
  69  5:58  Probe, Stalker  
  69  6:00  Stalker  
  69  6:01  Assimilator  
  74  6:08  Probe (Chrono Boost)  
  74  6:10  Probe (Chrono Boost)  
  74  6:11  Robotics Bay, Probe (Chrono Boost), Pylon  
  77  6:16  Observer  
  77  6:17  Stalker  
  80  6:25  Stalker  
  82  6:27  Probe x2 (Chrono Boost)  
  82  6:29  Probe  
  85  6:36  Forge  
  85  6:38  Gateway  
  85  6:39  Charge  
  85  6:42  Pylon  
  85  6:45  Observer  
  85  6:47  Dark Templar x2  
  85  6:50  Probe x2  
  92  6:56  Dark Templar  
  92  7:00  Pylon  
  93  7:10  Colossus (Chrono Boost)  
  99  7:16  Probe x2  
  99  7:18  Probe  
  100  7:34  Dark Templar  
  100  7:35  Zealot x3  
  90  7:39  Probe x3  
  91  7:55  Dark Templar  
  91  7:58  Zealot x2  
  93  8:03  Probe  
  93  8:04  Probe x2  
  83  8:13  Zealot  
  83  8:14  Immortal (Chrono Boost)  
  83  8:16  Probe x2 (Chrono Boost)  
  87  8:23  Probe (Chrono Boost)  
  87  8:25  Zealot x2  
  86  8:28  Probe x2 (Chrono Boost)  
  87  8:34  Probe (Chrono Boost)  
  87  8:37  Probe x2 (Chrono Boost)  
  87  8:40  Probe (Chrono Boost)  
  88  8:42  Probe x2 (Chrono Boost)  
  90  8:49  Observer  
  90  8:50  Colossus (Chrono Boost)  
  90  8:51  Probe (Chrono Boost)  
  90  8:52  Shield Battery, Stalker  
  90  8:54  Shield Battery, Probe (Chrono Boost)  
  101  8:57  Pylon  
  101  8:58  Probe (Chrono Boost)  
  102  9:05  Protoss Ground Weapons Level 1 (Chrono Boost)  
  102  9:06  Probe (Chrono Boost)  
  102  9:07  Probe (Chrono Boost), Stalker x2  
  108  9:12  Probe (Chrono Boost), Pylon  
  108  9:13  Pylon  
  108  9:14  Probe (Chrono Boost)  
  110  9:17  Probe (Chrono Boost)  
  110  9:22  Probe x2 (Chrono Boost)  
  110  9:23  Probe (Chrono Boost)  
  113  9:24  Assimilator  
  113  9:25  Zealot, Sentry, Gateway  
  113  9:29  Pylon  
  116  9:36  Probe  
  116  9:37  Observer, Probe x2, Pylon  
  120  9:46  Extended Thermal Lance  
  120  9:55  Zealot x4  
  120  9:59  Gateway  
  128  10:00  Gateway  
  128  10:03  Gateway  
  120  10:07  Immortal (Chrono Boost)  
  108  10:18  Nexus  
  108  10:20  Stalker x2  
  112  10:25  Stalker x2  
  114  10:33  Stalker  
  114  10:34  Disruptor (Chrono Boost)  
  119  10:46  Protoss Ground Armor Level 1 (Chrono Boost)  
  117  10:52  Probe x3  
  120  10:59  Disruptor (Chrono Boost)  
  120  11:01  Pylon  
  120  11:02  Robotics Facility  
  123  11:04  Stalker x4  
  123  11:06  Photon Cannon  
  131  11:12  Probe x3  
  134  11:18  Pylon  
  134  11:21  Dark Templar  
  134  11:23  Disruptor (Chrono Boost)  
  134  11:24  Photon Cannon  
  136  11:27  Shield Battery  
  138  11:36  Assimilator  
  138  11:37  Zealot x4  
  146  11:48  Disruptor (Chrono Boost)  
  149  12:00  Warp Prism (Chrono Boost)  
  151  12:02  Dark Templar x2  
  151  12:03  Zealot x6  
  151  12:06  Gateway  
  167  12:11  Forge  
  165  12:17  Observer  
  165  12:19  Pylon  
  166  12:23  Gateway  
  166  12:24  Probe  
  166  12:25  Probe  
  166  12:26  Archon  
  166  12:29  Nexus  
  168  12:37  Disruptor (Chrono Boost), Immortal (Chrono Boost)  
  168  12:40  Protoss Ground Weapons Level 2 (Chrono Boost)  
  175  12:45  Pylon  
  175  12:46  Shadow Stride  
  175  12:48  Probe x2  
  175  12:49  Assimilator  
  177  13:00  Photon Cannon  
  177  13:02  Shield Battery  
  177  13:04  Stalker x3  
  177  13:05  Zealot x2  
  144  13:21  Stalker x2  
  144  13:26  Disruptor x2 (Chrono Boost)  
  135  13:31  Zealot  
  135  13:32  Zealot x6  
  149  13:34  Dark Templar  
  140  13:51  Stalker x2  
  140  13:52  Stalker x2  
  148  13:59  Dark Templar  
  148  14:00  Zealot, Dark Templar  
  154  14:09  Zealot x2, Dark Templar  
  160  14:15  Stalker  
  162  14:17  Pylon  
  108  14:38  Zealot x7  
Tags
 
Add a new tag
Caveats
  • Supply blocks, unpowered buildings, or Contaminate may cause inaccurate times.
  • Supply counts are checked every 10 seconds.